 Dungeon Crawl Stone Soup version 0.23.0 (webtiles) character file.

Game seed: 13460917864481799448

5304 Ijustatesigmund the Warrior (level 10, -2/89 HPs)
             Began as a Hill Orc Fighter on Feb 9, 2019.
             Was a Believer of Okawaru.
             Slain by a manticore (16 damage)
             ... on level 9 of the Dungeon.
             The game lasted 00:17:30 (10188 turns).

Ijustatesigmund the Warrior (Hill Orc Fighter)     Turns: 10188, Time: 00:17:31

Health: -2/89      AC: 13    Str: 20    XL:     10   Next: 63%
Magic:  14/16      EV: 12    Int:  6    God:    Okawaru [**....]
Gold:   510        SH: 12    Dex: 13    Spells: 8/9 levels left

rFire    . . .     SeeInvis .   a - +1 war axe
rCold    . . .     Gourm    .   c - +0 shield
rNeg     . . .     Faith    .   b - +0 chain mail
rPois    .         Spirit   .   (no helmet)
rElec    .         Reflect  .   l - +0 cloak
rCorr    .         Harm     .   (no gloves)
MR       .....                  (no boots)
Stlth    ..........             (no amulet)
HPRegen  0.24/turn              k - ring of flight
MPRegen  0.15/turn              x - ring of wizardry

@: heroism
A: dopey 1
a: Heroism, Renounce Religion, Evoke Flight


You were on level 9 of the Dungeon.
You worshipped Okawaru.
Okawaru was pleased with you.
You were hungry.

You visited 2 branches of the dungeon, and saw 10 of its levels.

You collected 510 gold pieces.

Inventory:

Hand Weapons
 a - a +1 war axe (weapon)
Armour
 b - a +0 chain mail (worn)
 c - a +0 shield (worn)
 l - a +0 cloak (worn)
Jewellery
 k - a ring of flight (left hand)
 x - a ring of wizardry (right hand)
Wands
 r - a wand of polymorph (10)
 s - a wand of iceblast (15)
 v - a wand of digging (7)
Scrolls
 d - a scroll of immolation
 e - 2 scrolls of fog
 h - a scroll of magic mapping
 i - a scroll of fear
 m - 4 scrolls of remove curse
 n - 5 scrolls of teleportation
 o - a scroll of enchant weapon
 w - 4 scrolls of identify
 y - 2 scrolls of enchant armour {unknown}
 E - 2 scrolls of amnesia
Potions
 g - 2 potions of magic
 j - 4 potions of heal wounds
 p - 4 potions of brilliance
 q - a potion of lignification
 t - a potion of haste
 u - a potion of cancellation
 B - a potion of agility
 C - a potion of flight {unknown}
 D - 2 potions of degeneration {unknown}
 F - a potion of curing
Miscellaneous
 z - a phial of floods
Comestibles
 f - 15 rations


   Skills:
 - Level 8.3(13.3) Fighting
 - Level 8.5(14.2) Axes
   Level 4.1(11.1) Maces & Flails
 - Level 5.8(10.8) Armour
 + Level 6.3(11.3) Dodging
 - Level 5.7(10.7) Shields
 + Level 9.1 Invocations


You had 8 spell levels left.
You knew the following spells:

 Your Spells              Type           Power        Failure   Level  Hunger
a - Apportation           Tloc           #.....       90%         1    ##.....

Your spell library contained the following spells:

 Spells                   Type           Power        Failure   Level  Hunger
 Animate Skeleton         Necr           N/A          90%         1    ##.....
 Confusing Touch          Hex            #.....       90%         1    ##.....
 Sting                    Conj/Pois      #...         90%         1    ##.....
 Summon Small Mammal      Summ           #...         90%         1    ##.....
 Poisonous Vapours        Pois/Air       #.....       96%         2    ###....
 Mephitic Cloud           Conj/Pois/Air  #.......     99%         3    ####...
 Olgreb's Toxic Radiance  Pois           #.......     100%        4    #####..
 Venom Bolt               Conj/Pois      #.........   100%        5    ######.


Dungeon Overview and Level Annotations

Branches:
Dungeon (9/15)             Temple (1/1) D:7             Orc (0/2) D:9
   Lair: D:8-11

Altars:
Ashenzari
Cheibriados
Dithmenos
Elyvilon
Fedhas
Gozag
Hepliaklqana
Kikubaaqudgha
Makhleb
Nemelex Xobeh
Okawaru
Qazlal
Ru
Trog
Uskayaw
Vehumet
Xom
Zin

Shops:
D:3 *

Annotations:
Abyss:1 Pikel


Innate Abilities, Weirdness & Mutations

You are dopey. (Int -2)


Message History

The manticore claws you!
Your shield and chain mail prevent you from hitting the manticore.
The manticore is heavily wounded.
The manticore bites you!! The manticore barely misses you.
The manticore claws you but does no damage.
You are too injured to fight recklessly!
You are too injured to fight recklessly!
You gain the combat prowess of a mighty hero.
The manticore bites you!
* * * LOW HITPOINT WARNING * * *
The manticore completely misses you. The manticore claws you.
* * * LOW HITPOINT WARNING * * *
You hit the manticore but do no damage.
The manticore is heavily wounded.
The manticore bites you but does no damage.
You block the manticore's attack. x2
You completely miss the manticore.
The manticore is heavily wounded.
The manticore bites you!
You die...

#.....#..#.........#
#.....#..##..###...# ..
#....##...#(##....##...
#..###.....(.....###...
##..##....##.#...##.....
....#...###..##..#......
....#.........#..#......
....##........#..H......
....####.###....@#.....
....# ... ##....# .H.
....#... ##..## .
....#.. #### ..... .....
....


You could see a manticore.

Vanquished Creatures
  The ghost of NNNNN the Cleaver, a novice MiBe of Trog (D:7)
  An ugly thing (D:9)
  A troll (D:9)
  Prince Ribbit (D:5)
  A hippogriff (D:7)
  Sigmund (D:2)
  A spriggan (D:7)
  A basilisk (D:9)
  Eustachio (D:5)
  Menkaure (D:4)
  A water moccasin (D:6)
  A porcupine (D:8)
  Duvessa (D:5)
  2 ice beasts
  3 black bears
  4 ogres
  A centaur (D:9)
  3 big kobolds (D:8)
  4 bullfrogs
  A scorpion (D:8)
  Dowan (D:5)
  A water moccasin skeleton (D:8)
  A killer bee (D:7)
  A howler monkey (D:8)
  A bullfrog zombie (D:8)
  A hound (D:4)
  3 orc priests
  A jelly (D:7)
  Jessica (D:3)
  Ijyb (D:5)
  An iguana (D:8)
  Natasha (thrice) (D:3)
  5 orc wizards
  6 worker ants
  A hound skeleton (D:4)
  A hound zombie (D:7)
  A mummy (D:8)
  Robin (D:2)
  4 gnolls (D:8)
  5 adders
  2 river rats (D:7)
  An ooze (D:3)
  An adder zombie (D:6)
  7 worms
  A dart slug (D:4)
  A leopard gecko (D:7)
  20 orcs
  6 bats
  5 giant cockroaches
  25 goblins
  7 hobgoblins
  18 jackals
  3 quokkas
  A ball python (D:3)
  3 frilled lizards
  16 kobolds
  8 rats
196 creatures vanquished.

Vanquished Creatures (others)
  An ice beast (D:5)
  A slave (D:4)
  A worker ant (D:4)
  A quokka (D:7)
  A leopard gecko skeleton (D:4)
  A fungus (D:9)
6 creatures vanquished.

Grand Total: 202 creatures vanquished

Notes
Turn   | Place    | Note
-------+----------+-------------------------------------------
     0 | D:1      | Ijustatesigmund the Hill Orc Fighter began the quest for
                  | the Orb.
     0 | D:1      | Reached XP level 1. HP: 19/19 MP: 1/1
   102 | D:1      | Reached XP level 2. HP: 26/27 MP: 2/2
   578 | D:1      | Reached XP level 3. HP: 32/33 MP: 3/3
   936 | D:2      | Found a faded altar of an unknown god.
   977 | D:2      | Noticed Robin
  1138 | D:1      | Reached XP level 4. HP: 40/41 MP: 4/4
  1151 | D:2      | Killed Robin
  1151 | D:2      | Reached skill level 5 in Axes
  1307 | D:2      | Noticed Sigmund
  1347 | D:2      | Killed Sigmund
  1347 | D:2      | Reached skill level 5 in Fighting
  1347 | D:2      | Reached XP level 5. HP: 9/48 MP: 5/5
  1624 | D:2      | Reached XP level 6. HP: 56/56 MP: 6/6
  2227 | D:3      | Noticed Jessica
  2235 | D:3      | Killed Jessica
  2251 | D:3      | Found an ancient bone altar of Kikubaaqudgha.
  2251 | D:3      | Noticed Natasha
  2263 | D:3      | Killed Natasha
  2281 | D:3      | Found an opulent altar of Gozag.
  2611 | D:3      | Found Zin's Purification Station.
  2615 | D:3      | Found a glowing silver altar of Zin.
  2620 | D:3      | Noticed Natasha
  2637 | D:3      | Killed Natasha
  2638 | D:3      | Found a burning altar of Makhleb.
  2684 | D:3      | Noticed Natasha
  2692 | D:3      | Killed Natasha
  2698 | D:3      | Found a hazy altar of Hepliaklqana.
  3269 | D:4      | Reached XP level 7. HP: 56/62 MP: 7/7
  3270 | D:4      | Got a scorched mace
  3271 | D:4      | Identified the +8 mace "Zalut" {distort, *Noise +Fly rF-
                  | rC+++} (You found it on level 4 of the Dungeon)
  3387 | D:4      | Noticed Pikel
  3394 | D:4      | Banished Pikel
  3409 | D:4      | Reached XP level 8. HP: 44/71 MP: 8/8
  3435 | D:4      | Found a stormy altar of Qazlal.
  3435 | D:4      | Noticed Menkaure
  3442 | D:4      | Killed Menkaure
  3442 | D:4      | Reached skill level 5 in Armour
  3442 | D:4      | Reached skill level 5 in Shields
  3444 | D:4      | Noticed an air elemental
  3444 | D:4      | Noticed a water elemental
  3818 | D:5      | Entered Level 5 of the Dungeon
  3980 | D:5      | Noticed Duvessa
  3980 | D:5      | Noticed Dowan
  3990 | D:5      | Killed Dowan
  4058 | D:5      | Noticed Prince Ribbit
  4064 | D:5      | Killed Prince Ribbit
  4181 | D:5      | Killed Duvessa
  4206 | D:5      | Found a shattered altar of Ashenzari.
  4278 | D:5      | Gained mutation: You are dopey. (Int -2) [mutagenic glow]
  4757 | D:5      | Noticed Ijyb
  4801 | D:5      | Killed Ijyb
  4885 | D:5      | Reached skill level 1 in Dodging
  4887 | D:5      | Noticed Eustachio
  4916 | D:5      | Killed Eustachio
  4916 | D:5      | Reached XP level 9. HP: 80/81 MP: 9/9
  5730 | D:6      | Found a radiant altar of Vehumet.
  5817 | D:6      | Found a shadowy altar of Dithmenos.
  6190 | D:6      | Found a hide-covered altar of Uskayaw.
  6190 | D:6      | Found an iron altar of Okawaru.
  6191 | D:6      | Found a sparkling altar of Nemelex Xobeh.
  6443 | D:6      | Became a worshipper of Warmaster Okawaru
  6507 | D:7      | Reached skill level 1 in Invocations
  6517 | D:7      | Reached skill level 2 in Invocations
  6523 | D:7      | Found a runed translucent door.
  6523 | D:7      | Noticed NNNNN's ghost (novice MiBe)
  7487 | D:7      | Reached skill level 3 in Invocations
  7611 | D:7      | Found a staircase to the Ecumenical Temple.
  7619 | D:7      | Found a white marble altar of Elyvilon.
  7809 | Temple   | Entered the Ecumenical Temple
  7827 | D:7      | Reached skill level 4 in Invocations
  7841 | D:7      | Reached * piety under Okawaru
  8114 | D:7      | Found a shadowy altar of Dithmenos.
  8116 | D:7      | Found a shimmering altar of Xom.
  8116 | D:7      | Found a sacrificial altar of Ru.
  8118 | D:7      | Found an ancient bone altar of Kikubaaqudgha.
  8118 | D:7      | Found an opulent altar of Gozag.
  8118 | D:7      | Found a shimmering altar of Xom.
  8193 | D:7      | Reached skill level 5 in Invocations
  8420 | D:7      | Killed NNNNN's ghost
  8420 | D:7      | Reached skill level 6 in Invocations
  8420 | D:7      | Reached XP level 10. HP: 79/89 MP: 11/14
  8429 | D:7      | Learned a level 1 spell: Apportation
  8500 | D:8      | Reached skill level 5 in Dodging
  8593 | D:8      | Reached skill level 7 in Invocations
  8692 | D:8      | Found a snail-covered altar of Cheibriados.
  8750 | D:8      | Reached ** piety under Okawaru
  9582 | D:9      | Noticed a white ugly thing
  9595 | D:9      | Killed a white ugly thing
  9595 | D:9      | Reached skill level 8 in Invocations
  9603 | D:9      | Noticed a manticore
  9611 | D:9      | Found a staircase to the Orcish Mines.
  9982 | D:9      | Reached skill level 9 in Invocations
 10188 | D:9      | Slain by a manticore

Skill      XL: |  1  2  3  4  5  6  7  8  9 10 |
---------------+-------------------------------+-----
Axes           | 3 4 6 7 8 |  8.5
Fighting       | 4 5 6 7 8 |  8.3
Maces & Flails | 2 4 |  4.1
Armour         | 4 5 |  5.8
Shields        | 4 5 |  5.7
Dodging        | 1 4 6 |  6.3
Invocations    | 6 9 |  9.1

Action                   |  1- 3 |  4- 6 |  7- 9 | 10-12 || total
-------------------------+-------+-------+-------+-------++-------
Melee: War axe           |   135 |   165 |   202 |   148 ||   650
       Mace              |       |       |    70 |       ||    70
Invok: Heroism           |       |       |     1 |     3 ||     4
Evoke: Wand              |       |       |    13 |       ||    13
  Use: Potion            |       |     1 |     2 |       ||     3
       Scroll            |       |    11 |     3 |     1 ||    15
  Eat: Ration            |       |     1 |     2 |     1 ||     4
       Chunk             |       |     5 |     9 |     2 ||    16
Armor: Scale mail        |    48 |       |       |       ||    48
       Chain mail        |    22 |    70 |   171 |    73 ||   336
Dodge: Dodged            |    45 |    28 |    72 |    62 ||   207
Block: Shield            |    93 |    73 |   148 |    91 ||   405
